 Dungeon Crawl Stone Soup version 0.29-a0-1052-g6990b1bffc (webtiles) character file.

Game seed: 8986155775214886032

33 HatHat the Slasher (level 3, -4/35 HPs)
             Began as a Troll Gladiator on Aug 17, 2022.
             Slain by a gnoll
             ... wielding a +0 halberd
              (13 damage)
             ... on level 2 of the Dungeon.
             The game lasted 00:03:39 (514 turns).

HatHat the Slasher (Troll Gladiator)                 Turns: 514, Time: 00:03:40

Health: -4/35      AC:  4    Str: 24    XL:     3   Next: 12%
Magic:  2/2        EV: 10    Int:  4    God:
Gold:   49         SH:  0    Dex: 11    Spells: 2/2 levels left

rFire   . . .      SeeInvis .   i - +1 war axe (vorpal)
rCold   . . .      Faith    .   (no shield)
rNeg    . . .      Spirit   .   b - +0 robe
rPois   .          Reflect  .   c - +0 hat
rElec   .          Harm     .   (no cloak)
rCorr   .          Rampage  .   (gloves unavailable)
Will    .....                   (boots unavailable)
Stlth   +.........              (no amulet)
HPRegen 0.91/turn               (no ring)
MPRegen 0.08/turn               (no ring)

@: no status effects
A: large, unfitting armour, claws 3, regeneration 1, shaggy fur 1, tough skin 1
a: no special abilities


You were on level 2 of the Dungeon.
You visited 1 branch of the dungeon, and saw 2 of its levels.

You collected 49 gold pieces.

Inventory:

Hand Weapons
 a - a +0 long sword
 i - a +1 vorpal war axe (weapon)
Missiles
 d - 3 throwing nets (quivered)
 e - a large rock
Armour
 b - a +0 robe (worn)
 c - a +0 hat (worn)
Scrolls
 f - a scroll of blinking {unknown}
 j - a scroll of teleportation {unknown}
Potions
 g - 2 potions of invisibility {unknown}
 h - a potion of might


   Skills:
 + Level 1.8 Fighting
 + Level 3.0 Long Blades
 + Level 1.8 Throwing
 + Level 2.8 Dodging


You had 2 spell levels left.
You didn't know any spells.
Your spell library contained the following spells:

 Spells                   Type           Power      Damage    Failure   Level
 Sandblast                Erth           0%         2d4       50%         1
 Passwall                 Tmut/Erth      0%         N/A       65%         2
 Stone Arrow              Conj/Erth      0%         3d7       86%         3


Dungeon Overview and Level Annotations

Branches:
Dungeon (2/15)

Altars:

Shops:
D:2 ::=


Innate Abilities, Weirdness & Mutations

You are too large for most types of armour.
You have claws for hands.
Your natural rate of healing is unusually fast.
You are covered in fur. (AC +1)
You have tough skin. (AC +1)


Message History

You slash the worm!
You kill the worm!
Found Codeni's Book Emporium.
Found a book of Geomancy.
You pick up a book of Geomancy and begin reading...
You add the spells Sandblast, Passwall and Stone Arrow to your library.
Found a stone staircase leading up. 2 gnolls come into view.
The gnoll shouts!
You hear a shout!
The gnoll shouts!
Found a pair of gloves.
Found an escape hatch in the floor.
The gnoll barely misses you.
A gnoll comes into view. It is wielding a +0 whip.
You hit the gnoll.
The gnoll is heavily wounded.
The gnoll closely misses you. The gnoll hits you with a +0 whip.
You closely miss the gnoll.
The gnoll is heavily wounded.
The gnoll barely misses you. The gnoll completely misses you.
The gnoll closely misses you. The gnoll hits you with a +0 whip.
You hit the gnoll.
The gnoll is severely wounded.
The gnoll hits you with a +0 whip.
The gnoll hits you from afar with a +0 halberd!
You hit the gnoll.
You kill the gnoll!
The gnoll barely misses you.
Your Long Blades skill increases to level 3!
You have reached level 3!
Your experience leads to an increase in your attributes!
Increase (S)trength, (I)ntelligence, or (D)exterity?
You feel stronger. x3
The gnoll hits you with a +0 whip. The gnoll misses you.
You hit the gnoll.
The gnoll is lightly wounded.
The gnoll hits you from afar with a +0 halberd.
The gnoll hits you with a +0 whip!
* * * LOW HITPOINT WARNING * * *
The gnoll hits you with a +0 halberd!
You die...

###.≈...≈.§.###~~≈≈~#..###.
#..≈.≈..#.# ##~≈≈~~..###.
#...≈...#.# #~~≈≈~.....>
##.#..#.#.# ##~≈≈~..###.
#.#....#.# #~≈≈~~.# #.
#.#....#[# #~~≈≈~.# #.
#.#...<..# ##~≈≈~.# #.
#.....g..## #~≈≈~.# #.
#......@..# #~≈≈~.# #.
#......g..# #~≈≈~.. #.
#.........# #. #.........#
#. #......##.# #. #####.>
.# #. #.. .# #. #.. .# #.
#.


You could see 2 gnolls.

Vanquished Creatures
  A gnoll (D:2)
  A worm (D:2)
  A dart slug (D:1)
  4 endoplasms (D:1)
  A hobgoblin (D:2)
  5 kobolds
  A quokka (D:1)
  A bat (D:1)
  2 frilled lizards (D:1)
  A rat (D:1)
18 creatures vanquished.

Notes
Turn   | Place    | Note
-------+----------+-------------------------------------------
     0 | D:1      | HatHat the Troll Gladiator began the quest for the Orb.
     0 | D:1      | Reached XP level 1. HP: 19/19 MP: 0/0
   211 | D:1      | Reached XP level 2. HP: 23/28 MP: 1/1
   433 | D:2      | Found Webbedik's Jewellery Boutique.
   474 | D:2      | Found Offe's Book Emporium.
   486 | D:2      | Found Codeni's Book Emporium.
   512 | D:2      | Reached skill level 3 in Long Blades
   512 | D:2      | Reached XP level 3. HP: 24/35 MP: 2/2
   514 | D:2      | Slain by a gnoll

Illustrated notes

Levels and vault maps discovered:
D:1:      dpeg_arrival_tiny_a, layout_rooms
D:2:      wander_river, layout_basic, serial_shops, shop_statue,
          nicolae_shop_advertising_works [nicolae_subvault_shop_adworks],
          nicolae_diamond_shop, shop, hellmonk_ecumenical_altar_heavens_door

Skill      XL: |  1  2 |
---------------+-------+-----
Long Blades    | 3 |  3.0
Fighting       | |  1.8
Throwing       | |  1.8
Dodging        | |  2.8

Action                   || total
-------------------------++-------
Melee: Long sword        ||    31
       War axe           ||    10
       Punch             ||     1
  Use: Scroll            ||     1
Armor: Robe              ||    13
Dodge: Dodged            ||    20

Table legend: (Time is in decaauts)
 A = Elapsed time spent in this place.
 B = Non-inter-level travel time spent in this place.
 C = Inter-level travel time spent in this place.
 D = Time resting spent in this place.
 E = Time spent auto-exploring this place.
 F = Levels seen in this place.
 G = Mean time per level.
                   A        B        C        D        E       F      G
               +--------+--------+--------+--------+--------+-----+--------+
         Total |    526 |    143 |    383 |      0 |      0 |   2 |  263.0 |
       Dungeon |    526 |    143 |    383 |      0 |      0 |   2 |  263.0 |
               +--------+--------+--------+--------+--------+-----+--------+

Top non-repeatable levels by time:
     D:1: 372 daAuts
     D:2: 154 daAuts
